 Dungeon Crawl Stone Soup version 0.17.0-15-g6d90897 (webtiles) character file.

280135 HungrySpirit the Cutthroat (level 19, -3/139 HPs)
             Began as a High Elf Assassin on Nov 10, 2015.
             Was the Champion of Jiyva.
             Slain by a fire giant
             ... wielding a +2 great sword of flaming
              (8 damage)
             ... on level 2 of the Vaults.
             The game lasted 02:11:40 (40800 turns).

HungrySpirit the Cutthroat (High Elf Assassin)     Turns: 40800, Time: 02:11:40

Health: -3/139     AC: 17    Str:  7 (8)  XL:     19   Next: 24%
Magic:  47/47      EV: 36    Int: 11      God:    Jiyva [******]
Gold:   397        SH: 10    Dex: 43      Spells: 2 memorised, 15 levels left

rFire  + . .     SeeInvis .     V - +9 rapier "Hav Buba" {holy, rC++ Str+5 Dex-5}
rCold  + + .     Clarity  +     G - +1 robe "Caigheh" {+Blink rCorr Slay+2}
rNeg   + + +     SustAt   .     f - +1 buckler of Zous {-Tele MP+9 Slay+3}
rPois  +         Gourm    .     y - +2 hat "Issoifan" {*Contam rF+ Int+3 Dex+2}
rElec  .         Spirit   .     c - +0 cloak "Nunnim" {MP+9 Str+3 Slay+6}
rCorr  +         Warding  .     a - +2 pair of gloves
rMut   .         NoTele   +     d - +1 pair of boots {Stlth+}
MR     ++...                    Y - amulet "Tius Qoo" {Clar rN+++}
Stlth  +++++++++.               M - ring of protection from magic
                                i - ring "Lacox" {+Fly rPois Str+4}

@: very resistant to hostile enchantments, incredibly stealthy
A: beak, hooves 1, iridescent scales 1, thin metallic scales 1, deterioration 1,
dopey 1, shaggy fur 1, pseudopods 1, evolution 1, no device heal 1
a: Request Jelly, Jelly Paralyse, Slimify, Cure Bad Mutation, Renounce Religion,
Evoke Blink, Evoke Flight
}: 3/15 runes: serpentine, barnacled, slimy


You were on level 2 of the Vaults.
You worshipped Jiyva.
Jiyva was exalted by your worship.
You were completely stuffed.

You visited 8 branches of the dungeon, and saw 44 of its levels.
You visited 1 bazaar.
You also visited: Ossuary and Ice Cave.

You collected 2613 gold pieces.
You spent 2216 gold pieces at shops.

Inventory:

Hand Weapons
 B - the +9 falchion of Day {slice, MP+9 Str+3 Int+4}
   (You took it off Nessos on level 14 of the Dungeon)

   It inflicts extra damage upon your enemies.
   It affects your strength (+3).
   It affects your intelligence (+4).
   It affects your magic capacity (+9).
 E - the cursed +3 scimitar of Taha Kir {venom, Int+8}
   (You found it on level 6 of the Pits of Slime)

   It poisons the flesh of those it strikes.
   It affects your intelligence (+8).
   It has a curse placed upon it.
 V - the +9 rapier "Hav Buba" (weapon) {holy, rC++ Str+5 Dex-5}
   (You found it on level 9 of the Dungeon)

   It has been blessed by the Shining One to cause great damage to the undead
   and demons.
   It affects your strength (+5).
   It affects your dexterity (-5).
   It greatly protects you from cold.
Armour
 a - a +2 pair of gloves (worn)
 c - the +0 cloak "Nunnim" (worn) {MP+9 Str+3 Slay+6}
   (You bought it in a shop on level 4 of the Orcish Mines)

   It affects your strength (+3).
   It affects your accuracy and damage with ranged weapons and melee attacks
   (+6).
   It affects your magic capacity (+9).
 d - a +1 pair of boots of stealth (worn)
 f - the +1 buckler of Zous (worn) {-Tele MP+9 Slay+3}
   (You bought it in a shop on level 4 of the Orcish Mines)

   It affects your accuracy and damage with ranged weapons and melee attacks
   (+3).
   It affects your magic capacity (+9).
   It prevents most forms of teleportation.
 m - a +1 buckler of protection
 y - the +2 hat "Issoifan" (worn) {*Contam rF+ Int+3 Dex+2}
   (You acquired it on level 3 of the Snake Pit)

   It affects your intelligence (+3).
   It affects your dexterity (+2).
   It protects you from fire.
   It causes magical contamination when unequipped.
 G - the +1 robe "Caigheh" (worn) {+Blink rCorr Slay+2}
   (You found it on level 2 of the Snake Pit)

   It affects your accuracy and damage with ranged weapons and melee attacks
   (+2).
   It lets you blink.
   It protects you from acid and corrosion.
Jewellery
 h - an uncursed ring of protection from fire
 i - the ring "Lacox" (left hand) {+Fly rPois Str+4}
   (You bought it in a shop on level 2 of the Orcish Mines)

   [ring of poison resistance]

   It affects your strength (+4).
   It protects you from poison.
   It lets you fly.
 k - an uncursed ring of protection from cold
 l - the ring of Ydoinede {+Inv MR- Dex+4}
   (You bought it in a shop in a bazaar)

   [ring of invisibility]

   It affects your dexterity (+4).
   It affects your resistance to hostile enchantments.
   It lets you turn invisible.
 u - an uncursed ring of teleportation
 D - an uncursed amulet of resist mutation
 J - an uncursed ring of flight
 M - a ring of protection from magic (right hand)
 S - the amulet "Puzegit" {Faith rF+ rN+ Int+2}
   (You found it on level 6 of the Pits of Slime)

   [amulet of faith]

   It allows you to gain divine favour quickly.
   It affects your intelligence (+2).
   It protects you from fire.
   It protects you from negative energy.
 Y - the amulet "Tius Qoo" (around neck) {Clar rN+++}
   (You found it on level 6 of the Pits of Slime)

   [amulet of clarity]

   It provides mental clarity.
   It renders you almost immune to negative energy.
Wands
 e - a wand of disintegration (12)
 R - a wand of digging (15)
Scrolls
 o - 2 scrolls of fog
 r - 4 scrolls of recharging
 v - a scroll of fear
 C - 9 scrolls of remove curse
 F - 2 scrolls of blinking
 I - 2 scrolls of enchant armour
 K - 2 scrolls of enchant weapon
 L - 2 scrolls of teleportation
 P - 2 scrolls of amnesia
Potions
 s - 11 potions of curing
 t - 3 potions of agility
 w - 2 potions of flight
 x - 4 potions of degeneration
 z - a potion of brilliance
 A - a potion of magic
 N - 3 potions of heal wounds
 O - a potion of berserk rage
 Q - a potion of cancellation
 T - 4 potions of might
 Z - a potion of haste
Books
 b - the Almanac of Dusty Augmentations
   (You found it on level 8 of the Lair of Beasts)

   Spells                             Type                      Level
   a - Infusion                       Charms                       1
   b - Shroud of Golubria             Charms/Translocation         2
   c - Stoneskin                      Transmutation/Earth          2
   d - Leda's Liquefaction            Hexes/Earth                  4
   e - Excruciating Wounds            Charms/Necromancy            5
   f - Statue Form                    Transmutation/Earth          6
Comestibles
 g - 14 bread rations
 j - 6 slices of pizza
 n - 16 fruits
 p - 9 meat rations
 q - 6 beef jerkies
 U - 8 royal jellies


   Skills:
 + Level 15.3 Fighting
 + Level 22.2 Short Blades
 - Level 2.0 Throwing
 + Level 16.8 Dodging
 - Level 16.2 Stealth
 - Level 5.2 Shields
 - Level 3.8 Charms
 * Level 12.1 Evocations


You had 15 spell levels left.
You knew the following spells:

 Your Spells              Type           Power        Failure   Level  Hunger
a - Infusion              Chrm           #.....       10%         1    ##.....
b - Shroud of Golubria    Chrm/Tloc      #.........   30%         2    ###....


Dungeon Overview and Level Annotations

Branches:
Dungeon (15/15)            Temple (1/1) D:5            Lair (8/8) D:8
 Shoals (4/4) Lair:4        Snake (4/4) Lair:3        Slime (6/6) Lair:7
    Orc (4/4) D:12            Elf (0/3) Orc:4        Vaults (2/5) D:14
  Crypt (0/3) Vaults:2     Depths (0/5) D:15

Altars:
Ashenzari
Cheibriados
Dithmenos
Elyvilon
Fedhas
Gozag
Kikubaaqudgha
Makhleb
Nemelex Xobeh
Okawaru
Qazlal
Ru
Sif Muna
Trog
Vehumet
Xom
Yredelemnul
Zin
The Shining One
Jiyva

Shops:
D:5 ?   D:8 *   D:9 }   D:10 *   D:12 (   Orc:2 =   Orc:3 (   Orc:4 !*[[
Shoals:4 =   Snake:3 [   Snake:4 }   Vaults:2 *(:*=

Annotations:
D:5 Rayvis's ghost, novice MiFi
Lair:7 exclusion: oklob plant
Snake:3 Azrael
Slime:6 Royal Jelly


Innate Abilities, Weirdness & Mutations

You have a beak for a mouth.
You have large cloven feet.
You are partially covered in iridescent scales (AC +4).
You are partially covered in thin metallic scales (AC +2).
Your body sometimes deteriorates upon taking damage.
You are dopey. (Int -2)
You are covered in fur (AC +1).
Armour fits poorly on your pseudopods.
You evolve.
Potions and wands are less effective at restoring your health.


Message History

The fire giant picks up a scroll of recharging.
You puncture the fire giant! You peck the fire giant.
You bludgeon the fire giant, but do no damage.
The fire giant is severely wounded.
You puncture the fire giant! You bludgeon the fire giant.
The fire giant is almost dead.
The fire giant completely misses you.
You impale the fire giant!!
You kill the fire giant!
You impale the vampire mosquito!!
The vampire mosquito convulses!!
You destroy the vampire mosquito!
You swing at nothing.
The fire giant points at you and mumbles some strange words.
The fireball explodes!
The fireball engulfs you! You resist. The fireball engulfs your death ooze.
The fire giant hits you with a great sword of flaming!!!
* * * LOW HITPOINT WARNING * * *
You shudder from the blow and a jelly pops out!
The fire giant burns you!
You die...

#.#####.#.....##..# #....#
......'.#.###.###†# #......
......###.#...###.###......
......#...#†..#...##...... .#
......#.###.[.#.####y..# .##.
......#.###(###.#.(C.p# ...'.
......#..##..../#.#...##
#.C.#
....∩.##..#######.##.†.##...#
......###.....JJ@C##.u.C.p..#
####### #############.uC...##
#......# ##....## #....#
#....# ...... #..##..# ...#
..[


You could see a fire giant, a friendly azure jelly and a friendly death ooze.

Vanquished Creatures
  Jorgrun (Shoals:2)
  Agnes (D:14)
  Wiglaf (Snake:2)
  5 vault wardens
  A fire giant (Vaults:2)
  10 greater nagas
  Donald (Snake:2)
  Maud (Lair:3)
  Louise (Snake:4)
  2 stone giants (Vaults:2)
  6 ironheart preservers
  2 very ugly things (Vaults:2)
  Nessos (D:14)
  An ettin (Vaults:1)
  A merfolk javelineer (Shoals:4)
  4 vault guards
  7 merfolk impalers
  An ice dragon (Vaults:1)
  3 rakshasas
  3 yaktaur captains
  Harold (D:10)
  12 naga warriors
  3 hydras
  3 merfolk avatars
  A deep troll shaman (Vaults:1)
  2 satyrs
  A merfolk aquamancer (Shoals:3)
  3 catoblepae
  9 centaur warriors
  An alligator snapping turtle (Shoals:3)
  A death yak (Shoals:3)
  15 anacondas
  3 ogre magi
  9 shock serpents
  16 naga sharpshooters
  Nergalle (D:11)
  3 orc high priests (Orc:4)
  A deep elf knight (Vaults:2)
  4 salamander mystics
  2 deep trolls (Vaults:1)
  11 skeletal warriors
  6 sea snakes
  10 ironbrand convokers
  3 wizards
  A tengu zombie (Vaults:2)
  6 hill giants
  3 unseen horrors
  A phantasmal warrior (Vaults:2)
  4 lindwurms (Snake:4)
  9 naga ritualists
  A wolf spider zombie (D:15)
  A necromancer (Vaults:2)
  3 wolf spiders
  17 harpies
  A lindwurm (shapeshifter) (Vaults:1)
  18 ugly things
  6 griffons
  2 manticores
  4 orc sorcerers
  8 orc knights
  13 cyclopes
  17 mana vipers
  6 fauns
  6 water nymphs
  6 salamanders
  7 sirens
  5 elephants (Lair:7)
  41 black mambas
  6 guardian serpents
  24 naga magi
  An ice statue (IceCv)
  A black mamba (shapeshifter) (Vaults:1)
  4 centaur skeletons
  9 spiny frogs
  2 gargoyles
  5 vault sentinels
  6 kobold demonologists
  11 komodo dragons
  2 spiny frogs (shapeshifter)
  An efreet (D:14)
  The ghost of zkyp the Conjurer, a novice DgCj (D:6)
  9 yaktaurs
  4 freezing wraiths
  A deep elf priest (D:15)
  21 merfolk
  A troll (shapeshifter) (D:15)
  6 two-headed ogres
  3 trolls
  2 giant leeches (Lair:8)
  11 polar bears (IceCv)
  A fire drake (D:8)
  A queen bee (D:9)
  20 blink frogs
  4 snapping turtles
  2 boulder beetles (Vaults:2)
  3 shadows (D:13)
  A tarantella (Vaults:2)
  A trapdoor spider (D:11)
  3 redbacks (Vaults:2)
  2 deep elf magi (Vaults:2)
  A wyvern (D:8)
  9 water elementals
  A yak (shapeshifter) (Vaults:1)
  Eustachio (D:6)
  3 basilisks
  A hungry ghost (D:15)
  58 yaks
  16 humans (D:13)
  2 wraiths (Vaults:1)
  27 vampire mosquitoes
  A steam dragon (Lair:5)
  A warg (shapeshifter) (D:15)
  20 wolves
  46 nagas
  3 mottled dragons
  Menkaure (D:6)
  3 deep elf fighters
  A harpy simulacrum (D:14)
  4 wargs
  3 hippogriffs
  2 porcupines
  6 swamp worms (D:13)
  14 water moccasins
  3 phantoms
  36 orc warriors
  2 swamp drakes (Lair:5)
  2 sky beasts
  5 black bears
  7 boggarts
  16 centaurs
  3 ice beasts
  6 crocodiles
  3 big kobolds
  2 human skeletons (Vaults:2)
  17 ogres
  2 brain worms
  An elf zombie (Ossuary)
  17 giant frogs
  2 human simulacra
  4 scorpions
  39 killer bees
  12 wights
  4 electric eels
  3 crimson imps
  41 orc wizards
  3 centaur zombies
  2 jellies
  4 lava snakes
  6 hounds
  2 human zombies
  11 worker ants
  9 iguanas
  27 orc priests
  35 sheep
  3 big kobold zombies (Ossuary)
  3 mummies (Ossuary)
  12 adders
  5 gnolls
  2 shadow imps
  44 river rats
  12 white imps (Lair:6)
  An ooze (D:1)
  2 adder zombies (Ossuary)
  12 worms
  2 adder skeletons
  3 giant geckos
  173 orcs
  A ball python (D:2)
  4 giant cockroaches
  13 hobgoblins
  12 jackals
  15 kobolds
  10 bats
  A giant gecko skeleton (D:4)
  5 giant newts
  8 goblins
  4 goblin zombies (Ossuary)
  2 hobgoblin zombies (Ossuary)
  A jackal zombie (Ossuary)
  4 kobold zombies (Ossuary)
  An orc zombie (Ossuary)
  A quokka (D:5)
  5 quokka zombies (Ossuary)
  10 rats
  5 rat zombies (Ossuary)
  5 plants
1460 creatures vanquished.

Vanquished Creatures (collateral kills)
  An alligator snapping turtle (Shoals:3)
  A merfolk (Shoals:3)
  A naga (Snake:1)
3 creatures vanquished.

Vanquished Creatures (others)
  3 acid blobs
  Roxanne (Shoals:3)
  A greater naga (Snake:4)
  A ghoul (Vaults:2)
  A death ooze (Vaults:2)
  3 anacondas
  A salamander mystic (Snake:4)
  2 death yaks (Shoals:3)
  An orc high priest (Orc:4)
  A naga sharpshooter (Snake:4)
  An unseen horror (shapeshifter) (Vaults:1)
  A mana viper (Snake:4)
  5 black mambas
  2 water nymphs
  A griffon (Vaults:2)
  3 fauns (Shoals:3)
  3 naga magi
  2 guardian serpents (Snake:4)
  A siren (Shoals:3)
  A torpor snail (shapeshifter) (D:15)
  A centaur skeleton (D:13)
  3 blink frogs (Lair:6)
  A polar bear (IceCv)
  8 slime creatures
  A wraith (Vaults:2)
  A yak (Lair:8)
  A mottled dragon (Lair:5)
  7 nagas
  3 water moccasins
  3 porcupines
  An ogre (D:9)
  A necrophage (D:8)
  A centaur (Vaults:2)
  A big kobold (D:14)
  5 giant frogs
  A wyvern skeleton (D:14)
  4 killer bees
  A quasit (D:11)
  3 hounds
  2 lava snakes (Snake:2)
  A human zombie (Ossuary)
  A centaur zombie (Ossuary)
  261 jellies
  4 orc priests (Orc:4)
  2 worker ants
  An iguana (D:8)
  6 orc wizards
  10 sheep
  14 river rats
  2 gnolls (D:6)
  6 oozes (Lair:7)
  3 worms (D:13)
  28 orcs
  A gnoll zombie (Ossuary)
  6 kobolds (D:14)
  A quokka (D:8)
  2 ball pythons (Snake:2)
  A goblin zombie (Ossuary)
  A jackal zombie (Ossuary)
  An orc zombie (Ossuary)
  A rat zombie (Ossuary)
  2 butterflies (Lair:3)
  15 fungi
  29 plants
  8 tentacles (Shoals:2)
  5 tentacle segments (Shoals:2)
496 creatures vanquished.

Grand Total: 1959 creatures vanquished

Notes
Turn   | Place    | Note
--------------------------------------------------------------
     0 | D:1      | HungrySpirit the High Elf Assassin began the quest for the Orb.
     0 | D:1      | Reached XP level 1. HP: 14/14 MP: 2/2
   240 | D:1      | Reached XP level 2. HP: 19/19 MP: 3/3
   940 | D:1      | Reached XP level 3. HP: 24/24 MP: 4/4
  2022 | D:2      | Reached skill level 5 in Stealth
  2165 | D:3      | Reached XP level 4. HP: 25/30 MP: 5/5
  2500 | D:3      | Reached XP level 5. HP: 36/36 MP: 6/6
  3007 | D:3      | Found a sparkling altar of Nemelex Xobeh.
  3600 | D:4      | Reached skill level 5 in Short Blades
  3624 | D:4      | Reached XP level 6. HP: 39/42 MP: 7/7
  4360 | D:4      | Reached skill level 6 in Stealth
  4406 | D:4      | Reached XP level 7. HP: 37/48 MP: 8/8
  4631 | D:5      | Entered Level 5 of the Dungeon
  4655 | D:5      | Noticed Rayvis's ghost (novice MiFi)
  4850 | D:5      | Found Jeschax's Magic Scroll Emporium.
  4858 | D:5      | Bought a scroll of remove curse for 42 gold pieces
  4858 | D:5      | Bought a scroll of fear for 49 gold pieces
  4858 | D:5      | Bought a scroll of identify for 28 gold pieces
  5131 | D:5      | Found a blossoming altar of Fedhas.
  5216 | D:5      | Found a shadowy altar of Dithmenos.
  5229 | D:5      | Reached skill level 7 in Short Blades
  5259 | D:5      | Found a staircase to the Ecumenical Temple.
  5398 | Temple   | Entered the Ecumenical Temple
  5445 | Temple   | Became a worshipper of Jiyva Jyselo the Shapeless
  5816 | D:6      | Reached XP level 8. HP: 44/54 MP: 9/9
  5933 | D:6      | Noticed zkyp's ghost (novice DgCj)
  5973 | D:6      | Gained mutation: You have a pair of small horns on your head. [potion of mutation]
  5973 | D:6      | Gained mutation: Scrolls take you a little longer to read. [potion of mutation]
  6294 | D:6      | Found a sacrificial altar of Ru.
  6294 | D:6      | Found a snail-covered altar of Cheibriados.
  6294 | D:6      | Found a burning altar of Makhleb.
  6378 | D:6      | Reached skill level 8 in Short Blades
  6716 | D:6      | Noticed Eustachio
  6740 | D:6      | Killed Eustachio
  6740 | D:6      | Reached skill level 5 in Fighting
  6740 | D:6      | Reached skill level 5 in Dodging
  6899 | D:6      | Found a sparkling altar of Nemelex Xobeh.
  6899 | D:6      | Found an opulent altar of Gozag.
  6988 | D:6      | Noticed Menkaure
  6990 | D:6      | Killed Menkaure
  7095 | D:6      | Reached skill level 9 in Short Blades
  7148 | D:6      | Reached * piety under Jiyva
  7295 | D:7      | Reached XP level 9. HP: 46/61 MP: 10/10
  7436 | D:7      | Found a shadowy altar of Dithmenos.
  7638 | D:7      | Found a sand-covered staircase.
  7657 | D:7      | Reached ** piety under Jiyva
  7692 | D:7      | Found a deep blue altar of Sif Muna.
  7725 | Ossuary  | Entered an ossuary
  8096 | D:7      | Found a shattered altar of Ashenzari.
  8187 | D:7      | Reached skill level 10 in Short Blades
  8270 | D:7      | Found a radiant altar of Vehumet.
  8276 | D:7      | Found a white marble altar of Elyvilon.
  8276 | D:7      | Found an iron altar of Okawaru.
  8524 | D:8      | Reached *** piety under Jiyva
  8529 | D:8      | Noticed a fire drake
  8804 | D:8      | Lost mutation: Scrolls take you a little longer to read. [Jiyva's grace]
  8940 | D:8      | Found a staircase to the Lair.
  8954 | D:8      | Found Dasesawk's Assorted Antiques.
  8962 | D:8      | Bought a twisted fluorescent wand for 112 gold pieces
  8962 | D:8      | Bought a curved iron wand for 112 gold pieces
  9321 | D:8      | Reached **** piety under Jiyva
  9491 | D:9      | Reached skill level 11 in Short Blades
  9685 | D:9      | Reached XP level 10. HP: 66/69 MP: 11/11
  9868 | D:9      | Gained mutation: You occasionally shout uncontrollably at your foes. [Jiyva's grace]
 10069 | D:9      | Reached ***** piety under Jiyva
 10136 | D:9      | Gained mutation: You are robust (+10% HP). [Jiyva's grace]
 10209 | D:9      | Found Zegutz's Gadget Emporium.
 10567 | D:9      | Got an ichor-stained rapier
 10568 | D:9      | Identified the +9 rapier "Hav Buba" {holy, rC++ Str+5 Dex-5} (You found it on level 9 of the Dungeon)
 10586 | D:10     | Entered Level 10 of the Dungeon
 10751 | D:10     | Reached skill level 12 in Short Blades
 10760 | D:10     | Gained mutation: You are surrounded by a mild repulsion field (EV +2). [Jiyva's grace]
 10872 | D:10     | Noticed Harold
 10900 | D:10     | Found Plog's Assorted Antiques.
 10910 | D:10     | Bought a potion of heal wounds for 105 gold pieces
 10910 | D:10     | Bought a scroll of identify for 42 gold pieces
 11098 | Lair:1   | Entered Level 1 of the Lair of Beasts
 11109 | Lair:1   | Reached skill level 10 in Stealth
 11134 | Lair:1   | Noticed an eight-headed hydra
 11158 | Lair:1   | Killed an eight-headed hydra
 11161 | Lair:1   | Noticed a seven-headed hydra
 11181 | Lair:1   | Slimified a seven-headed hydra
 11181 | Lair:1   | a seven-headed hydra changed into a slime creature
 11185 | Lair:1   | Reached XP level 11. HP: 74/84 MP: 8/12
 11188 | Lair:1   | Gained mutation: You have acidic saliva. [Jiyva's grace]
 11912 | Lair:2   | Noticed a lindwurm
 11951 | Lair:2   | Reached skill level 13 in Short Blades
 12066 | Lair:2   | Gained mutation: You have a pair of horns on your head. [Jiyva's grace]
 12076 | Lair:2   | Reached ****** piety under Jiyva
 12368 | Lair:3   | Found a staircase to the Snake Pit.
 12431 | Lair:3   | Noticed Maud
 12439 | Lair:3   | Killed Maud
 12604 | Lair:3   | Gained mutation: You have supernaturally acute eyesight. [Jiyva's grace]
 12761 | Lair:3   | Noticed a five-headed hydra
 12772 | Lair:3   | Slimified a five-headed hydra
 12772 | Lair:3   | Noticed an azure jelly
 12772 | Lair:3   | a five-headed hydra changed into an azure jelly
 13046 | Lair:4   | Reached skill level 14 in Short Blades
 13367 | Lair:4   | Found a white marble altar of Elyvilon.
 13459 | Lair:4   | Gained mutation: You can translocate small distances at will. [Jiyva's grace]
 13584 | Lair:4   | Found a staircase to the Shoals.
 13701 | Lair:4   | Reached XP level 12. HP: 93/93 MP: 13/13
 13798 | Lair:4   | Gained mutation: Your muscles are strong. (Str +2) [Jiyva's grace]
 13969 | Lair:5   | Noticed a catoblepas
 13971 | Lair:5   | Killed a catoblepas
 14583 | Lair:5   | Reached skill level 10 in Dodging
 14876 | Lair:5   | Reached skill level 15 in Short Blades
 14999 | Lair:6   | Noticed an eight-headed hydra
 15004 | Lair:6   | Slimified an eight-headed hydra
 15004 | Lair:6   | Noticed an azure jelly
 15004 | Lair:6   | an eight-headed hydra changed into an azure jelly
 15084 | Lair:6   | Lost mutation: You have acidic saliva. [Jiyva's grace]
 15091 | Lair:6   | Found a frozen archway.
 15118 | IceCv    | Entered an ice cave
 15163 | IceCv    | Reached skill level 10 in Fighting
 15739 | IceCv    | Noticed a frost giant
 15757 | IceCv    | Slimified a frost giant
 15757 | IceCv    | Noticed an acid blob
 15757 | IceCv    | a frost giant changed into an acid blob
 15759 | IceCv    | Gained mutation: Your spells are a little harder to cast, but a little more powerful. [Jiyva's grace]
 15906 | Lair:6   | Lost mutation: You have a pair of horns on your head. [Jiyva's grace]
 15985 | Lair:6   | Noticed a catoblepas
 16009 | Lair:6   | Killed a catoblepas
 16009 | Lair:6   | Reached skill level 16 in Short Blades
 16009 | Lair:6   | Reached XP level 13. HP: 68/101 MP: 11/14
 16510 | Lair:6   | Lost mutation: You are robust (+10% HP). [Jiyva's grace]
 17058 | Lair:7   | Found a staircase to the Slime Pits.
 17069 | Lair:7   | Gained mutation: Your body sometimes deteriorates upon taking damage. [Jiyva's grace]
 17076 | Slime:1  | Entered Level 1 of the Pits of Slime
 17080 | Slime:1  | Noticed an acid blob
 17081 | Slime:1  | Noticed an azure jelly
 17169 | Slime:4  | Noticed an acid blob
 17191 | Slime:6  | Entered Level 6 of the Pits of Slime
 17196 | Slime:6  | Noticed an acid blob
 17198 | Slime:6  | Noticed an acid blob
 17198 | Slime:6  | Noticed an acid blob
 17200 | Slime:6  | Noticed an azure jelly
 17200 | Slime:6  | Noticed the royal jelly
 17203 | Slime:6  | Found a viscous altar of Jiyva.
 17203 | Slime:6  | Noticed an acid blob
 17204 | Slime:6  | Lost mutation: Your body sometimes deteriorates upon taking damage. [Jiyva's grace]
 17207 | Slime:6  | Gained mutation: Armour fits poorly on your strangely shaped body. [Jiyva's grace]
 17212 | Slime:6  | Gained mutation: Your flesh is heat resistant. [Jiyva's grace]
 17213 | Slime:6  | Killed an acid blob
 17215 | Slime:6  | Identified Tashej's Tome of Bewitchment (You found it on level 6 of the Pits of Slime)
 17215 | Slime:6  | Killed an acid blob
 17222 | Slime:6  | Gained mutation: You are covered in slimy tendrils that may disarm your opponents. [Jiyva's grace]
 17224 | Slime:6  | Noticed an acid blob
 17226 | Slime:6  | Noticed an acid blob
 17227 | Slime:6  | Got a clouded garnet amulet
 17229 | Slime:6  | Noticed an azure jelly
 17229 | Slime:6  | Noticed an acid blob
 17229 | Slime:6  | Got a wavering ivory amulet
 17243 | Slime:6  | Got a slimy rune of Zot
 17246 | Slime:6  | Noticed an acid blob
 17253 | Slime:6  | Identified the amulet "Puzegit" {Faith rF+ rN+ Int+2} (You found it on level 6 of the Pits of Slime)
 17256 | Slime:6  | Got a crude scimitar
 17323 | Slime:3  | Noticed an acid blob
 17339 | Slime:3  | Noticed an azure jelly
 17372 | Lair:7   | Lost mutation: You are covered in slimy tendrils that may disarm your opponents. [Jiyva's grace]
 17416 | Lair:7   | Lost mutation: Your spells are a little harder to cast, but a little more powerful. [Jiyva's grace]
 18147 | Lair:8   | Entered Level 8 of the Lair of Beasts
 18217 | Lair:8   | Lost mutation: Armour fits poorly on your strangely shaped body. [Jiyva's grace]
 18266 | Lair:8   | Gained mutation: You have sharp toenails. [Jiyva's grace]
 18334 | Lair:8   | Lost mutation: You have sharp toenails. [Jiyva's grace]
 18407 | Lair:8   | Gained mutation: You have a small jelly attached to you that may absorb incoming projectiles. [Jiyva's grace]
 18517 | Lair:8   | Identified the Almanac of Dusty Augmentations (You found it on level 8 of the Lair of Beasts)
 18531 | Lair:8   | Learned a level 1 spell: Infusion
 18585 | Lair:8   | Reached skill level 17 in Short Blades
 18585 | Lair:8   | Lost mutation: Your muscles are strong. (Str +2) [Jiyva's grace]
 19236 | Lair:3   | Lost mutation: You occasionally shout uncontrollably at your foes. [Jiyva's grace]
 19458 | D:8      | Killed a fire drake
 19527 | D:5      | Bought a scroll of identify for 28 gold pieces
 19527 | D:5      | Identified the cursed +3 scimitar of Taha Kir {venom, Int+8} (You found it on level 6 of the Pits of Slime)
 19528 | D:5      | Bought a scroll of identify for 28 gold pieces
 19528 | D:5      | Identified the amulet "Tius Qoo" {Clar rN+++} (You found it on level 6 of the Pits of Slime)
 19571 | D:6      | Killed zkyp's ghost
 19819 | D:11     | Noticed Nergalle
 19827 | D:11     | Killed Nergalle
 20458 | D:12     | Found a staircase to the Orcish Mines.
 20514 | D:12     | Lost mutation: You are surrounded by a mild repulsion field (EV +2). [Jiyva's grace]
 20570 | D:12     | Gained mutation: You are partially covered in iridescent scales (AC +4). [Jiyva's grace]
 20643 | D:12     | Found Uvuwecuh's Weapon Boutique.
 20803 | D:12     | Reached XP level 14. HP: 101/101 MP: 15/15
 21311 | Orc:1    | Entered Level 1 of the Orcish Mines
 21342 | D:12     | Lost mutation: You have supernaturally acute eyesight. [Jiyva's grace]
 21924 | Orc:2    | Found Amiduute's Jewellery Shoppe.
 22108 | Orc:2    | Bought the ring "Lacox" {+Fly rPois Str+4} for 637 gold pieces
 22148 | Orc:2    | Lost mutation: You have a pair of small horns on your head. [Jiyva's grace]
 22217 | Orc:2    | Lost mutation: Your flesh is heat resistant. [Jiyva's grace]
 22223 | Orc:2    | Lost mutation: You can translocate small distances at will. [Jiyva's grace]
 22305 | Orc:2    | Gained mutation: You have large cloven feet. [Jiyva's grace]
 22625 | Orc:1    | Gained mutation: Your rubbery body absorbs attacks (AC +1). [Jiyva's grace]
 22648 | Orc:2    | Gained mutation: You are covered in slimy tendrils that may disarm your opponents. [Jiyva's grace]
 22997 | Orc:3    | Lost mutation: Your rubbery body absorbs attacks (AC +1). [Jiyva's grace]
 23055 | Orc:3    | Found Cuprum's Weapon Shop.
 23257 | Orc:4    | Entered Level 4 of the Orcish Mines
 23487 | Orc:4    | Lost mutation: You are covered in slimy tendrils that may disarm your opponents. [Jiyva's grace]
 23560 | Orc:4    | Lost mutation: You have large cloven feet. [Jiyva's grace]
 23589 | Orc:4    | Found a staircase to the Elven Halls.
 23591 | Orc:4    | Lost mutation: You are partially covered in iridescent scales (AC +4). [Jiyva's grace]
 23810 | Orc:3    | Gained mutation: You are weak. (Str -2) [Jiyva's grace]
 23958 | Orc:4    | Paralysed by an orc sorcerer for 6 turns
 24012 | Orc:4    | Gained mutation: You evolve. [Jiyva's grace]
 24069 | Orc:4    | Gained mutation: You have large cloven feet. [evolution]
 24137 | Orc:4    | Found Fanoust's Antique Armour Shoppe.
 24137 | Orc:4    | Found Vylac's Distillery.
 24137 | Orc:4    | Found Hophytetz's Assorted Antiques.
 24143 | Orc:4    | Lost mutation: You have large cloven feet. [Jiyva's grace]
 24144 | Orc:4    | Found Uklaerunuk's Armour Shoppe.
 24167 | Orc:4    | Bought a brightly glowing cloak for 228 gold pieces
 24177 | Orc:4    | Identified the cursed +0 cloak "Nunnim" {MP+9 Str+3 Slay+6} (You bought it in a shop on level 4 of the Orcish Mines)
 24198 | Orc:4    | Bought a pair of embroidered boots for 130 gold pieces
 24198 | Orc:4    | Bought a scorched buckler for 275 gold pieces
 24198 | Orc:4    | Bought a creamy pearl robe for 165 gold pieces
 24224 | Orc:4    | Identified the +1 buckler of Zous {-Tele MP+9 Slay+3} (You bought it in a shop on level 4 of the Orcish Mines)
 24234 | Orc:4    | Identified the +1 robe of the Skies Above {rN+ Int+5} (You bought it in a shop on level 4 of the Orcish Mines)
 24257 | Orc:4    | Bought a potion of curing for 45 gold pieces
 24374 | Orc:1    | Gained mutation: Your spells are a little easier to cast, but a little less powerful. [Jiyva's grace]
 24601 | Snake:1  | Entered Level 1 of the Snake Pit
 24861 | Snake:1  | Reached skill level 18 in Short Blades
 24900 | Snake:1  | Reached skill level 1 in Shields
 25322 | Snake:1  | Noticed an azure jelly
 25322 | Snake:1  | a naga warrior changed into an azure jelly
 25438 | Snake:1  | Gained mutation: You are very weak. (Str -4) [Jiyva's grace]
 25553 | Snake:1  | Lost mutation: You have a small jelly attached to you that may absorb incoming projectiles. [Jiyva's grace]
 26734 | Snake:2  | Gained mutation: You are partially covered in thin metallic scales (AC +2). [Jiyva's grace]
 26907 | Snake:2  | Gained mutation: You have sharp toenails. [evolution]
 27000 | Snake:2  | Reached XP level 15. HP: 49/108 MP: 16/16
 27212 | Snake:2  | Noticed a greater naga
 27238 | Snake:2  | Killed a greater naga
 27248 | Snake:2  | Reached skill level 5 in Shields
 27260 | Snake:2  | Noticed an azure jelly
 27260 | Snake:2  | a naga warrior changed into an azure jelly
 27341 | Snake:2  | Noticed Donald
 27354 | Snake:2  | Killed Donald
 27428 | Snake:2  | Gained mutation: Potions and wands are less effective at restoring your health. [Jiyva's grace]
 27475 | Snake:2  | Noticed Wiglaf
 27488 | Snake:2  | Killed Wiglaf
 27555 | Snake:2  | Reached skill level 19 in Short Blades
 27696 | Snake:2  | Gained mutation: You have a pair of small horns on your head. [Jiyva's grace]
 28042 | Snake:2  | Gained mutation: You are robust (+10% HP). [Jiyva's grace]
 28148 | Snake:2  | Got a fine robe
 28159 | Snake:2  | Identified the +1 robe "Caigheh" {+Blink rCorr Slay+2} (You found it on level 2 of the Snake Pit)
 28399 | Snake:2  | Got an encrusted cloak
 28411 | Snake:2  | Identified the +4 cloak "Biptuex" {Dex+3} (You found it on level 2 of the Snake Pit)
 28531 | Snake:3  | Lost mutation: You have a pair of small horns on your head. [Jiyva's grace]
 28536 | Snake:3  | Noticed Azrael
 28686 | Shoals:1 | Entered Level 1 of the Shoals
 29146 | Shoals:1 | Lost mutation: You have sharp toenails. [Jiyva's grace]
 29333 | Shoals:2 | Gained mutation: You can spit weak poison. [potion of beneficial mutation]
 29384 | Shoals:2 | Reached skill level 15 in Stealth
 29485 | Shoals:2 | Lost mutation: You evolve. [Jiyva's grace]
 29553 | Shoals:2 | Noticed a kraken
 29702 | Shoals:2 | Lost mutation: Your spells are a little easier to cast, but a little less powerful. [Jiyva's grace]
 29830 | Shoals:3 | Noticed Roxanne
 29860 | Shoals:3 | Noticed an azure jelly
 29860 | Shoals:3 | a merfolk aquamancer changed into an azure jelly
 30321 | Shoals:3 | Killed Roxanne
 30354 | Shoals:3 | Lost mutation: You can spit weak poison. [Jiyva's grace]
 30354 | Shoals:3 | Gained mutation: You can breathe flames. [Jiyva's grace]
 30478 | Shoals:3 | Found a flickering gateway to a bazaar.
 30484 | Bazaar   | Entered a bazaar
 30486 | Bazaar   | Found Huysobb's Gadget Boutique.
 30490 | Bazaar   | Found Vuimmysar's Gadget Boutique.
 30490 | Bazaar   | Found Apoogib's Antique Weapon Boutique.
 30490 | Bazaar   | Found Wisoivisch's Assorted Antiques.
 30503 | Bazaar   | Bought a smoking jade ring for 190 gold pieces
 30508 | Bazaar   | Identified the ring of Ydoinede {+Inv MR- Dex+4} (You bought it in a shop in a bazaar)
 30682 | Shoals:3 | Reached skill level 20 in Short Blades
 30796 | Shoals:4 | Entered Level 4 of the Shoals
 30871 | Shoals:4 | Gained mutation: You are covered in slimy tendrils that may disarm your opponents. [Jiyva's grace]
 30907 | Shoals:3 | Reached XP level 16. HP: 100/127 MP: 17/17
 31340 | Shoals:3 | Lost mutation: You are very weak. (Str -4) [Jiyva's grace]
 31420 | Shoals:4 | Found Naiq Ysi's Jewellery Shop.
 31441 | Shoals:3 | Gained mutation: You are covered in fur (AC +1). [Jiyva's grace]
 31442 | Shoals:3 | Gained mutation: You are partially covered in iridescent scales (AC +4). [potion of beneficial mutation]
 31912 | Shoals:4 | Got a barnacled rune of Zot
 32020 | Shoals:2 | Noticed Jorgrun
 32065 | Shoals:2 | Killed Jorgrun
 32065 | Shoals:2 | Reached skill level 1 in Charms
 32190 | Snake:3  | Noticed a greater naga
 32212 | Snake:3  | Killed a greater naga
 32317 | Snake:3  | Gained mutation: Your skin is partially translucent (Stealth, -foe acc). [Jiyva's grace]
 32806 | Snake:3  | Got a warped leather armour
 32807 | Snake:3  | Identified the +2 leather armour "Oniotow" {rPois} (You found it on level 3 of the Snake Pit)
 32926 | Snake:3  | Identified a scroll of acquirement
 32929 | Snake:3  | Got a spiked hat
 32935 | Snake:3  | Identified the +2 hat "Issoifan" {*Contam rF+ Int+3 Dex+2} (You acquired it on level 3 of the Snake Pit)
 33148 | Snake:3  | Lost mutation: You are partially covered in thin metallic scales (AC +2). [Jiyva's grace]
 33193 | Snake:3  | Found Holugoo's Armour Boutique.
 33194 | Snake:3  | Lost mutation: You can breathe flames. [Jiyva's grace]
 33330 | Snake:3  | Reached skill level 1 in Evocations
 33385 | Snake:3  | Gained mutation: You have a beak for a mouth. [Jiyva's grace]
 33740 | Snake:3  | Gained mutation: Your spells are a little harder to cast, but a little more powerful. [Jiyva's grace]
 33867 | Snake:4  | Entered Level 4 of the Snake Pit
 33984 | Snake:4  | Found Doycsif's Gadget Shop.
 33988 | Snake:4  | Noticed Louise
 33996 | Snake:4  | Killed Louise
 34135 | Snake:4  | Reached XP level 17. HP: 125/135 MP: 21/21
 34251 | Snake:4  | Reached skill level 21 in Short Blades
 34403 | Snake:4  | Gained mutation: You are resistant to hostile enchantments. [Jiyva's grace]
 34455 | Snake:4  | Reached skill level 5 in Evocations
 34557 | Snake:4  | Reached skill level 15 in Dodging
 34622 | Snake:4  | Gained mutation: Your system is resistant to poisons. [Jiyva's grace]
 34716 | Snake:4  | Lost mutation: Your spells are a little harder to cast, but a little more powerful. [Jiyva's grace]
 34822 | Snake:4  | Gained mutation: Your skin is mostly translucent (Stealth, -foe acc). [Jiyva's grace]
 35018 | Snake:4  | Gained mutation: You are agile. (Dex +2) [Jiyva's grace]
 35126 | Snake:4  | Got a serpentine rune of Zot
 35305 | Snake:4  | Gained mutation: You evolve. [Jiyva's grace]
 35584 | D:10     | Killed Harold
 35685 | D:13     | Lost mutation: You are weak. (Str -2) [Jiyva's grace]
 35867 | D:13     | Lost mutation: You are covered in slimy tendrils that may disarm your opponents. [Jiyva's grace]
 36059 | D:13     | Learned a level 2 spell: Shroud of Golubria
 36145 | D:13     | Found an iron altar of Okawaru.
 36302 | D:13     | Lost mutation: You are agile. (Dex +2) [Jiyva's grace]
 36349 | D:13     | Lost mutation: You are robust (+10% HP). [Jiyva's grace]
 36386 | D:14     | Found a gate to the Vaults.
 36386 | D:14     | Noticed Rupert
 36593 | D:14     | Slimified Rupert
 36593 | D:14     | Noticed Rupert
 36593 | D:14     | Rupert changed into Rupert the azure jelly
 36594 | D:14     | Gained mutation: You have acidic saliva. [Jiyva's grace]
 36634 | D:14     | Lost mutation: Your skin is mostly translucent (Stealth, -foe acc). [Jiyva's grace]
 36661 | D:14     | Lost mutation: Your skin is partially translucent (Stealth, -foe acc). [Jiyva's grace]
 36677 | D:14     | Noticed Nessos
 36683 | D:14     | Killed Nessos
 36699 | D:14     | Got a dazzling falchion
 36700 | D:14     | Identified the +9 falchion of Day {slice, MP+9 Str+3 Int+4} (You took it off Nessos on level 14 of the Dungeon)
 36782 | D:14     | Gained mutation: Armour fits poorly on your pseudopods. [Jiyva's grace]
 36917 | D:14     | Found a glowing golden altar of the Shining One.
 36983 | D:14     | Noticed Agnes
 36990 | D:14     | Killed Agnes
 37014 | D:14     | Gained mutation: You are dopey. (Int -2) [Jiyva's grace]
 37087 | D:15     | Entered Level 15 of the Dungeon
 37106 | D:15     | Reached XP level 18. HP: 131/131 MP: 25/25
 37467 | D:15     | Found a staircase to the Depths.
 37531 | D:15     | Gained mutation: You are partially covered in thin metallic scales (AC +2). [Jiyva's grace]
 37643 | D:15     | Lost mutation: You have acidic saliva. [Jiyva's grace]
 37801 | Vaults:1 | Entered Level 1 of the Vaults
 37976 | Vaults:1 | Reached skill level 10 in Evocations
 38352 | Vaults:1 | Gained mutation: You have a pair of small antennae on your head. [Jiyva's grace]
 38363 | Vaults:1 | Lost mutation: Your system is resistant to poisons. [Jiyva's grace]
 38371 | Vaults:1 | Lost mutation: You are resistant to hostile enchantments. [Jiyva's grace]
 38505 | Vaults:1 | Got a jewelled chain mail
 38506 | Vaults:1 | Identified the +6 chain mail "Ymoifoel" {rC+ rCorr Str+2} (You acquired it on level 1 of the Vaults)
 38644 | Vaults:1 | Lost mutation: You are dopey. (Int -2) [evolution]
 39078 | Vaults:2 | Reached skill level 15 in Fighting
 39150 | Vaults:2 | Lost mutation: You have a pair of small antennae on your head. [Jiyva's grace]
 39308 | Vaults:2 | Found Nietuq's Jewellery Shop.
 39436 | Vaults:2 | Reached skill level 22 in Short Blades
 39465 | Vaults:2 | Found Ynus's Book Boutique.
 39470 | Vaults:2 | Gained mutation: Your body sometimes deteriorates upon taking damage. [Jiyva's grace]
 39480 | Vaults:2 | Found Marynlua's Assorted Antiques.
 39483 | Vaults:2 | Found Favvexawoi's Weapon Shoppe.
 39600 | Vaults:2 | Found Cigolex's Assorted Antiques.
 39652 | Vaults:2 | Found a staircase to the Crypt.
 39774 | Shoals:3 | Gained mutation: You are covered in slimy tendrils that may disarm your opponents. [Jiyva's grace]
 40080 | Vaults:2 | Reached XP level 19. HP: 52/139 MP: 28/28
 40651 | Vaults:2 | Gained mutation: You have large cloven feet. [Jiyva's grace]
 40663 | Vaults:2 | Gained mutation: You are dopey. (Int -2) [Jiyva's grace]
 40669 | Vaults:2 | Lost mutation: You are covered in slimy tendrils that may disarm your opponents. [Jiyva's grace]
 40800 | Vaults:2 | HP: 5/139 [fire giant/great sword of flaming (52)]
 40800 | Vaults:2 | Slain by a fire giant

Action                   |  1- 3 |  4- 6 |  7- 9 | 10-12 | 13-15 | 16-18 | 19-21 || total
-------------------------+-------+-------+-------+-------+-------+-------+-------++-------
Melee: Dagger            |   165 |   130 |   572 |   131 |       |       |       ||   998
       Rapier            |       |       |       |   607 |  1926 |  1562 |   118 ||  4213
 Fire: Blowgun           |    10 |    45 |    37 |     9 |       |       |       ||   101
Invok: Slimify           |       |       |       |     4 |     7 |     8 |       ||    19
       Jelly Paralyse    |       |       |       |       |     1 |       |       ||     1
       Request Jelly     |       |       |       |       |     1 |       |       ||     1
Evoke: Wand              |       |       |    22 |     6 |     5 |     2 |       ||    35
  Use: Potion            |     1 |     2 |     3 |       |     6 |    10 |       ||    22
       Scroll            |     6 |    10 |     9 |     7 |    10 |     8 |       ||    50
 Stab: Sleeping          |     8 |     3 |    27 |    32 |    61 |    47 |     2 ||   180
       Distracted        |     1 |     1 |     3 |     7 |    23 |    35 |     4 ||    74
       Petrifying        |       |       |       |       |       |     1 |       ||     1
  Eat: Chunk             |     4 |     7 |    10 |       |       |       |       ||    21
       Fruit             |       |       |     1 |       |       |       |       ||     1
       Pizza             |       |       |     1 |       |       |       |       ||     1
